 Dungeon Crawl Stone Soup version 0.16.0-17-g811c1d7 (webtiles) character file.

6920 Fluffy the Carver (level 10, -1/63 HPs)
             Began as a Demonspawn Ice Elementalist on Mar 21, 2015.
             Was an Elder of Okawaru.
             Shot with a sling bullet of frost by Joseph (7 damage)
             ... on level 10 of the Dungeon.
             The game lasted 00:39:39 (10935 turns).

Fluffy the Carver (Demonspawn Ice Elementalist)    Turns: 10935, Time: 00:39:39

Health: -1/63      AC:  8    Str: 14      XL:     10   Next: 80%
Magic:  21/21      EV: 12    Int: 18 (20) God:    Okawaru [****..]
Gold:   421        SH:  0    Dex: 15      Spells: 3 memorised, 5 levels left

rFire  + . .     SeeInvis .     w - +1 short sword (speed)
rCold  . . .     Clarity  .     S - +0 leather armour {rF+}
rNeg   . . .     SustAb   .     (no shield)
rPois  .         Gourm    .     (helmet restricted)
rElec  .         Spirit   .     s - +0 cloak
rCorr  .         Warding  .     q - +0 pair of gloves
rMut   .         Stasis   .     D - +0 pair of boots
MR     +....                    n - amulet of regeneration
Stlth  ++........               I - +4 ring of slaying
                                y - ring of protection from magic

@: mighty, somewhat resistant to hostile enchantments, unstealthy
A: antennae 2, yellow scales 1, agile 1, foul stench 1, powered by pain 1, rot
immunity
a: Heroism, Renounce Religion


You were on level 10 of the Dungeon.
You worshipped Okawaru.
Okawaru was greatly pleased with you.
You were not hungry.

You visited 2 branches of the dungeon, and saw 11 of its levels.

You collected 421 gold pieces.

Inventory:

Hand weapons
 w - a +1 short sword of speed (weapon)
 B - a +0 long sword
Missiles
 O - 8 javelins of penetration (quivered)
Armour
 q - a +0 pair of gloves (worn)
 s - a +0 cloak (worn)
 D - a +0 pair of boots (worn)
 S - a +0 leather armour of fire resistance (worn)
Jewellery
 m - an uncursed amulet of resist corrosion
 n - an amulet of regeneration (around neck)
 y - a ring of protection from magic (left hand)
 I - a +4 ring of slaying (right hand)
Magical devices
 r - a wand of paralysis (11)
 A - a wand of disintegration (9)
 F - a wand of cold (11)
 J - a wand of polymorph (13)
 L - a wand of frost (7)
 P - a wand of frost (16)
 R - a wand of magic darts (30)
Scrolls
 d - 2 scrolls of teleportation
 f - 2 scrolls of fear
 j - a scroll of enchant weapon
 k - a scroll of immolation
 o - a scroll of blinking
 p - 2 scrolls of magic mapping
 E - a scroll of remove curse
Potions
 e - 4 potions of curing
 g - 3 potions of haste
 l - a potion of magic
 t - a potion of heal wounds
 u - a potion of invisibility
 v - a potion of brilliance
 x - a potion of restore abilities
 H - 2 potions of agility
 N - a potion of berserk rage
 Q - a potion of ambrosia
Books
 a - a book of Unlife

   Spells                             Type                      Level
   a - Recall                         Summoning/Translocation      3
   b - Animate Dead                   Necromancy                   4
   c - Control Undead                 Necromancy                   4
   d - Cigotuvi's Embrace             Necromancy                   5
   e - Death Channel                  Necromancy                   6
   f - Simulacrum                     Ice/Necromancy               6
 b - a book of Frost

   Spells                             Type                      Level
   a - Freeze                         Ice                          1
   b - Throw Frost                    Conjuration/Ice              2
   c - Ozocubu's Armour               Charms/Ice                   3
   d - Throw Icicle                   Conjuration/Ice              4
   e - Summon Ice Beast               Ice/Summoning                4
   f - Condensation Shield            Ice                          4
 G - a book of Party Tricks

   Spells                             Type                      Level
   a - Summon Butterflies             Summoning                    1
   b - Apportation                    Translocation                1
   c - Tukima's Dance                 Hexes                        3
   d - Alistair's Intoxication        Transmutation/Poison         4
   e - Invisibility                   Hexes                        6
 M - a book of Cantrips

   Spells                             Type                      Level
   a - Corona                         Hexes                        1
   b - Animate Skeleton               Necromancy                   1
   c - Summon Small Mammal            Summoning                    1
   d - Apportation                    Translocation                1
 T - a book of Control

   Spells                             Type                      Level
   a - Control Teleport               Charms/Translocation         4
   b - Control Undead                 Necromancy                   4
   c - Enslavement                    Hexes                        4
   d - Metabolic Englaciation         Hexes/Ice                    5
   e - Mass Confusion                 Hexes                        6
Comestibles
 c - 4 bread rations
 h - 6 meat rations
 i - a fruit
 z - a chunk of flesh
 C - a beef jerky
 K - 10 royal jellies


   Skills:
 + Level 8.8 Long Blades
 - Level 1.7 Dodging
 - Level 1.7 Stealth
 - Level 2.0 Spellcasting
   Level 1.0 Conjurations
 + Level 7.6 Charms
 + Level 8.5 Ice Magic
 + Level 7.9 Invocations


You had 5 spell levels left.
You knew the following spells:

 Your Spells              Type           Power        Failure   Level  Hunger
a - Freeze                Ice            ####         1%          1    #......
b - Ozocubu's Armour      Chrm/Ice       ####....     2%          3    ###....
c - Condensation Shield   Ice            ####......   10%         4    #####..


Dungeon Overview and Level Annotations

Branches:
Dungeon (10/15)            Temple (1/1) D:6            Lair (0/8) D:10
    Orc: D:9-12

Altars:
Ashenzari
Cheibriados
Dithmenos
Elyvilon
Fedhas
Gozag
Kikubaaqudgha
Makhleb
Nemelex Xobeh
Okawaru
Qazlal
Ru
Sif Muna
Trog
Vehumet
Xom
Yredelemnul
Zin
The Shining One

Annotations:
D:10 Joseph


Innate Abilities, Weirdness & Mutations

You have a pair of antennae on your head.
You are partially covered in yellow scales (AC +2).
You emit a foul stench.
You sometimes gain a little power by taking damage.
You are immune to rotting.
You are agile. (Dex +2)


Message History

Joseph shoots a sling bullet of frost.
The sling bullet of frost hits you!! The sling bullet of frost freezes you!
Found a stone staircase leading down.
You see here a sling bullet of frost.
Joseph shoots a sling bullet of frost.
The sling bullet of frost hits you!
You focus on the pain.
You feel very mighty all of a sudden. The sling bullet of frost freezes you.
You see here a sling bullet of frost.
Joseph shoots a sling bullet of frost.
The sling bullet of frost barely misses you.
Found a whip.
You see here a sling bullet of frost.
Joseph shoots a sling bullet of frost.
The sling bullet of frost hits you. The sling bullet of frost freezes you.
Joseph shouts, "I love to fight!
I love killing!"
Joseph shoots a sling bullet of frost.
The sling bullet of frost hits you!
* * * LOW HITPOINT WARNING * * *
The sling bullet of frost freezes you!
You die...

###.# ...#.#..# ###.##?.#.#.#
# .... ......# #.
....##....#.#.
.....@(.#..##.###### ###.....
.{#.((.#.......#. . ........
#.#.##.#.......#...≈
#####....#@#..#.#.......#..§≈≈
#......(....@<......#..§§.≈ #
.)..#.#.##.###.......#..≈≈§≈≈
## # #. #.# #.......#.≈≈.§§≈
.##.#.# #. #.#
#.........≈§§§≈≈ ......$ ..
#.# ####..)....§§≈≈.. .###...
.. ..# ##.##......... ## .##
### #.#########.. # . #.# ##.#
#.#


You could see Joseph.

Vanquished Creatures
  A hill giant (D:10)
  A fire drake (D:10)
  Grinder (D:6)
  A two-headed ogre (D:8)
  A wyvern (D:10)
  Eustachio (D:10)
  A deep elf mage (D:10)
  3 orc warriors
  5 water moccasins
  6 swamp worms (D:8)
  2 sky beasts
  An ice beast (D:9)
  2 wasps (D:9)
  An eye of draining (D:9)
  A necrophage (D:5)
  2 ogres
  A phantom (D:7)
  Duvessa (D:7)
  A big kobold (D:8)
  A centaur (D:5)
  4 giant frogs
  A brain worm (D:8)
  5 killer bees
  3 scorpions
  8 wights
  2 hounds (D:10)
  Dowan (D:7)
  2 centaur skeletons
  A centaur zombie (D:9)
  A giant frog zombie (D:9)
  8 jellies
  A wasp zombie (D:10)
  3 crimson imps
  4 worker ants
  2 orc priests
  4 giant frog skeletons
  3 iguanas
  5 orc wizards
  A hound zombie (D:8)
  Robin (D:2)
  4 adders
  2 giant mites
  A shadow imp (D:7)
  16 worms
  An adder skeleton (D:9)
  8 giant geckos
  6 oozes
  23 orcs
  22 goblins
  19 hobgoblins
  9 jackals
  3 quokkas
  2 ball pythons
  27 bats
  7 giant cockroaches
  A giant gecko skeleton (D:7)
  2 giant newts (D:2)
  A giant spore (D:6)
  17 kobolds
  16 rats
  A spectral orc (D:3)
  A plant (D:8)
283 creatures vanquished.

Vanquished Creatures (others)
  A ballistomycete (D:6)
  A plant (D:8)
2 creatures vanquished.

Grand Total: 285 creatures vanquished

Notes
Turn   | Place    | Note
--------------------------------------------------------------
     0 | D:1      | Fluffy, the Demonspawn Ice Elementalist, began the quest for the Orb.
     0 | D:1      | Reached XP level 1. HP: 13/13 MP: 3/3
   371 | D:1      | Reached skill level 3 in Ice Magic
   468 | D:1      | Gained mutation: You are immune to rotting. [demonic ancestry]
   468 | D:1      | Reached XP level 2. HP: 19/19 MP: 2/4
  1132 | D:1      | Gained mutation: You have a pair of small antennae on your head. [demonic ancestry]
  1132 | D:1      | Reached XP level 3. HP: 22/24 MP: 6/6
  1651 | D:2      | Reached skill level 4 in Ice Magic
  2189 | D:2      | Reached skill level 1 in Long Blades
  2439 | D:2      | Gained mutation: You emit a foul stench. [demonic ancestry]
  2439 | D:2      | Reached XP level 4. HP: 15/30 MP: 7/7
  2648 | D:2      | Noticed Robin
  2692 | D:2      | Killed Robin
  3287 | D:3      | Gained mutation: You are partially covered in yellow scales (AC +2). [demonic ancestry]
  3287 | D:3      | Reached XP level 5. HP: 35/35 MP: 5/9
  3440 | D:3      | Found a glowing silver altar of Zin.
  3446 | D:3      | Found an ancient bone altar of Kikubaaqudgha.
  3641 | D:3      | Reached XP level 6. HP: 31/41 MP: 10/10
  3728 | D:3      | Found a basalt altar of Yredelemnul.
  4230 | D:3      | Learned a level 3 spell: Ozocubu's Armour
  4235 | D:3      | Learned a level 4 spell: Condensation Shield
  4691 | D:4      | Reached skill level 1 in Charms
  4937 | D:5      | Entered Level 5 of the Dungeon
  5198 | D:5      | Reached skill level 5 in Long Blades
  5198 | D:5      | Gained mutation: You sometimes gain a little power by taking damage. [demonic ancestry]
  5198 | D:5      | Reached XP level 7. HP: 46/46 MP: 12/12
  5357 | D:5      | Found a shattered altar of Ashenzari.
  5476 | D:5      | Reached skill level 5 in Ice Magic
  5649 | D:6      | Noticed Grinder
  5870 | D:6      | Killed Grinder
  5870 | D:6      | Reached XP level 8. HP: 48/52 MP: 13/13
  6081 | D:6      | Reached skill level 6 in Long Blades
  6244 | D:6      | Found a staircase to the Ecumenical Temple.
  6265 | Temple   | Entered the Ecumenical Temple
  6436 | Temple   | Became a worshipper of Warmaster Okawaru
  7498 | D:7      | Acquired Okawaru's first power
  7569 | D:7      | Noticed Duvessa
  7569 | D:7      | Noticed Dowan
  7582 | D:7      | Killed Duvessa
  7582 | D:7      | Reached skill level 1 in Invocations
  7592 | D:7      | Killed Dowan
  7735 | D:7      | Gained mutation: You are agile. (Dex +2) [potion of beneficial mutation]
  7838 | D:7      | Reached skill level 7 in Long Blades
  7838 | D:7      | Reached skill level 5 in Charms
  7838 | D:7      | Reached XP level 9. HP: 49/57 MP: 12/14
  8471 | D:8      | Found a deep blue altar of Sif Muna.
  8475 | D:8      | Found a sparkling altar of Nemelex Xobeh.
  8476 | D:8      | Found a snail-covered altar of Cheibriados.
  9005 | D:8      | Reached skill level 5 in Invocations
  9323 | D:8      | Gained mutation: You have a pair of antennae on your head. [demonic ancestry]
  9323 | D:8      | Reached XP level 10. HP: 24/63 MP: 12/18
  9440 | D:8      | Reached skill level 8 in Long Blades
  9799 | D:9      | Paralysed by a wasp for 2 turns
 10320 | D:9      | Found a burning altar of Makhleb.
 10408 | D:10     | Entered Level 10 of the Dungeon
 10643 | D:10     | Noticed a hill giant
 10676 | D:10     | Noticed Joseph
 10744 | D:10     | Killed a hill giant
 10853 | D:10     | Received a gift from Okawaru
 10864 | D:10     | Found a staircase to the Lair.
 10864 | D:10     | Noticed Eustachio
 10880 | D:10     | Killed Eustachio
 10935 | D:10     | Shot with a sling bullet of frost by Joseph

Action                   |  1- 3 |  4- 6 |  7- 9 | 10-12 || total
-------------------------+-------+-------+-------+-------++-------
Melee: Unarmed           |     5 |       |       |       ||     5
       Dagger            |    63 |       |       |       ||    63
       Club              |     5 |       |       |       ||     5
       Falchion          |    27 |   220 |       |       ||   247
       Short sword       |       |    14 |   469 |   167 ||   650
 Cast: Freeze            |    40 |    21 |    65 |    25 ||   151
       Ozocubu's Armour  |       |       |    11 |     8 ||    19
       Condensation Shie |       |       |     3 |     7 ||    10
Evoke: Wand              |       |       |     1 |       ||     1
  Use: Scroll            |       |       |    18 |     6 ||    24
       Potion            |       |       |     1 |       ||     1
 Stab: Sleeping          |     3 |     1 |     2 |    11 ||    17
  Eat: Chunk             |     5 |    11 |    18 |    10 ||    44
       Fruit             |       |       |     1 |     1 ||     2
